[Event "World U20-ch22"]
[Site "Belfort"]
[Date "1983.08.12"]
[Round "1"]
[White "Short, Nigel D"]
[Black "Greenfeld, Alon"]
[Result "1/2-1/2"]
[ECO "B33"]
[WhiteElo "2510"]
[BlackElo "2460"]
[Annotator "Bulletin/Primel,D"]
[PlyCount "83"]
[EventDate "1983.08.12"]
[EventType "swiss"]
[EventRounds "13"]
[EventCountry "FRA"]
[SourceTitle "EXT 2004"]
[Source "ChessBase"]
[SourceDate "2003.11.25"]
[SourceVersion "1"]
[SourceVersionDate "2003.11.25"]
[SourceQuality "1"]
[TimeControl "40/9000:16/5400:0"]

1. e4 {Avec un classement en juillet 2510, SHORT était dans le top 100 en 1983
(KARPOV était 1er avec 2710) et il était largement favori de ce championnat du
Monde. Il a néanmoins été insupportable pendant tout le tournoi en multipliant
les provocations en déclarant notamment а la presse "que ce qu'il détestait le
plus dans la vie était... la France!"} c5 2. Nf3 e6 3. d4 cxd4 4. Nxd4 Nf6 5.
Nc3 Nc6 6. Ndb5 d6 7. Bf4 e5 8. Bg5 a6 9. Na3 b5 10. Nd5 (10. Bxf6 gxf6 11. Nd5
f5) 10... Be7 11. Bxf6 Bxf6 12. c3 Ne7 (12... O-O) (12... Bg5)
13. Nxf6+ (13. Nc2 Nxd5 14. Qxd5 Rb8 15. Nb4 $1 Bb7 16. Qd3 O-O
17. Be2 a5 18. Nd5 $14) 13... gxf6 14. Nc2 Bb7 15. Qd3 $6 (15. Bd3 $142 {
Plus courant} d5 $1 16. exd5 (16. Qe2 f5 17. exf5 e4 18. f6 Ng6 19. Qe3 Qxf6
20. Be2) 16... Qxd5 17. Ne3 Qe6 18. a4 Rd8 19. Qc2 e4 20.
Be2 f5 21. g3) 15... Qb6 $5 {Suivant une idée de Van Der Wiel
jouée dans une partie quelques mois plus tôt.} 16. Ne3 (16. g3 f5 17. Bg2 $14)
16... Rd8 $1 {[%cal Gd6d5] L'activité des pièces noires et l'avance de
développement compensent les faiblesses de structure de P.} 17. Nd5 (17. Be2 d5
$36) 17... Bxd5 18. exd5 f5 $11 19. Rd1 Rc8 $1 $15 {[%cal Gc8c5,Gc5d5] La R,
après avoir eu un rôle efficace en "d8" pour pousser "d5" ayant forcé SHORT а
échanger une pièce sur la faiblesse "d5", se recycle maintenant sur la colonne
"c"} 20. g3 O-O (20... Rc5 21. Bg2 Qb7 22. O-O b4 23. cxb4 Qxb4 24. a3 Qb7) 21.
Bg2 (21. Bh3) (21. a3 e4 $1 22. Qd2 Ng6 $6 23. Bh3 $1 ) 21... b4 $132 22. c4 Qa5 23. Qb3 Qc5 24. Bf1 (24. Rc1 ) 24... f4 {Peut-être un peu prématuré car la Qc5 peut
difficillement attaquer а l'aile-roi mais les Noirs veulent ouvrir le jeu pour
profiter de la position du Ke1 bloqué au centre.} (24... a5 $1 25. Be2 Ra8 (
25... a4 $5 26. Qxa4 Ra8 27. Qb3 Ra7 $44 ) 26. O-O
a4 27. Qf3 f6 {[%csl Gg5][%cal Gg8h8] les pièces blanches sont très passives})
25. gxf4 $1 exf4 26. Rg1+ $132 {La poussée f5f4 а donné inutilement du
contre-jeu aux blancs} Ng6 27. Rd2 Rfe8+ 28. Kd1 Re4 29. Bd3 Rd4 30. Qc2 Kf8 {
[%cal Gf8e7,Ge7d7,Gd7c7,Gc7b6,Gb6a5] le début d'un étonnant parcours du K noir
qui va se réfugier en ... a5!} 31. b3 (31. Re1 Ne5 ) 31... Ne5 $1
32. Bxh7 Ke7 33. Re1 Rh8 (33... Rxd2+ 34. Qxd2 Rh8 35. Bc2 Rxh2 36. Qxf4 Rxf2
$132) 34. Ree2 Kd8 (34... f3 $1 35. Re3 Kf8 36. Rxd4 Qxd4+ 37. Ke1 Qh4 $1 $40 ) 35. Qf5 Kc7 36. Kc1 Kb6 37. Rc2 Ka5 {SHORT s'est
peut-être souvenu ce cette montée du K lorsqu'il a joué contre TIMMAN а
Tilburg en 1991. La partie est devenue célèbre avec le zugzwang de TIMMAN qui
ne peut rien contre la montée du K adverse en plein millieu de jeu pour venir
le mater.} 38. Qf6 (38. Rxe5 dxe5 39. Qxf7 e4 40. Qg7 Rf8 $17) 38... Rxh7 39.
Rxe5 $1 dxe5 40. Qd8+ Qb6 41. Qd7 {[%csl Ga4] Avec une menace de mat en a4 qui
force la répétition de coups} Qc5 42. Qd8+ 1/2-1/2

[Event "Khanty-Mansiysk FIDE GP (Women)"]
[Site "Khanty-Mansiysk"]
[Date "2014.04.21"]
[Round "11"]
[White "Kosintseva, Tatiana"]
[Black "Muzychuk, Anna"]
[Result "1/2-1/2"]
[ECO "B33"]
[WhiteElo "2496"]
[BlackElo "2560"]
[Annotator "ChessBase Website"]
[PlyCount "73"]
[EventDate "2014.04.09"]
[EventType "tourn"]
[EventRounds "11"]
[EventCountry "RUS"]
[EventCategory "10"]
[SourceTitle "CBM 160"]
[Source "ChessBase"]
[SourceDate "2014.05.15"]
[SourceVersion "1"]
[SourceVersionDate "2014.05.15"]
[SourceQuality "1"]
[TimeControl "40/5400+30:1800+30"]
[WhiteClock "1:30:00"]
[BlackClock "1:30:00"]

1. e4 c5 2. Nf3 Nc6 3. d4 cxd4 4. Nxd4 Nf6 5. Nc3 e5 6.
Ndb5 d6 7. Bg5 a6 8. Na3 b5 9. Nd5 Be7 10. Bxf6 Bxf6 11. c4 Nd4 {[%emt 0:00:15] Muzychuk used an old gambit line in the
Sveshnikov (at least old for the Sveshnikov, an opening who saw its theory
blossom in the early 2000's) that forces an endgame where Black has some
compensation, but White's pawns on the queenside look rather dangerous.
Black's pieces obtained considerable play and Muzychuk obtained one of her
pawns back, but Kosintseva was just in time to perpetually attack Black's rook
and force the draw.} (11... b4 12. Nc2 O-O 13. g3 Be6 14. h4 a5 15. Bh3 Rb8 16.
Qd3 a4 17. b3 Bxd5 18. cxd5 Na5 19. O-O Qe8 20. Ne3 Bd8 21. Nf5 Rb6 22. Qe3 g6
23. Qh6 Bf6 24. Rab1 axb3 25. axb3 Qd8 26. Rfc1 Re8 27. Ne3 Bg7 28. Qg5 Rb8 29.
Nc4 Nb7 30. Qe3 Bf8 31. Ra1 Nc5 32. Na5 Ra8 33. Nc6 Qf6 34. Bf1 h5 35. Bc4 Kh7
36. Qe2 Bh6 37. Rf1 g5 38. hxg5 Qxg5 39. Qf3 Kg7 40. Nxb4 Qg4 41. Qxg4+ {
Caruana,F (2782)-Van Wely,L (2672) Wijk aan Zee 2014 1-0 (73)}) 12. cxb5 Be6 13. Bc4 axb5 14. Bxb5+ Kf8 15. Bc4 Qa5+ 16. Qd2 Bd8 17. Qxa5 Bxa5+ 18. Kd1 f5 19. f3 Rc8 $146 (19... Kf7 20. Nc2 Rhe8
21. b3 Nxc2 22. Kxc2 Bxd5 23. exd5 Bb4 24. a4 Ra5 25. g4 fxg4 26. fxg4 e4 27.
Raf1+ Kg6 28. h4 Rc8 29. Rf5 h6 30. h5+ Kh7 31. Rh3 Rxc4+ 32. bxc4 Rxa4 33. Rb3
{1-0 (33) Kotronias,V (2593)-Nigalidze,G (2486) Rijeka 2010}) 20. b3 fxe4 21. fxe4 g6 22.
Nc2 Bg4+ 23. Kc1 Be2 24. Nce3 Kg7 25. Kb2 Rhf8 26. Bxe2 Rf2 27. Rac1 Rxe2+ 28. Kb1 Ra8 29. Nc2 Nb5 30. b4 Bd8 31. Rce1 Rxg2 32. Reg1 Rd2 33. Rd1 Rg2 34. Rdg1 Rd2 35. Rd1 Rg2 36. Rdg1 Rd2 37. Rd1 1/2-1/2

[Event "EU-ch 12th"]
[Site "Aix les Bains"]
[Date "2011.03.25"]
[Round "4"]
[White "Polgar, Judit"]
[Black "Edouard, Romain"]
[Result "1-0"]
[ECO "B33"]
[WhiteElo "2686"]
[BlackElo "2600"]
[Annotator "Marchand,A/Primel,D"]
[PlyCount "75"]
[EventDate "2011.03.22"]
[EventType "swiss"]
[EventRounds "11"]
[EventCountry "FRA"]
[SourceTitle "CBM 142 Extra"]
[Source "ChessBase"]
[SourceDate "2011.06.27"]
[SourceVersion "1"]
[SourceVersionDate "2011.06.27"]
[SourceQuality "1"]
[TimeControl "40/5400+30:1800+30"]

1. e4 c5 2. Nf3 Nc6 3. d4 cxd4 4. Nxd4 Nf6 5. Nc3 e5 6. Ndb5 d6 7. Bg5 a6 8.
Na3 b5 (8... Be6 9. Nc4 Rc8 10. Nd5 Bxd5 11. Bxf6 gxf6 12. exd5 Ne7 $15 {Larsen
}) 9. Nd5 (9. Bxf6 gxf6 10. Nd5 f5 11. Bd3 Be6 12. c3 Bg7 13.
Nxb5 $5) 9... Be7 10. Bxf6 Bxf6 11. c3 (11. c4) 11... O-O (11... Bg5 12. Nc2 O-O 13. a4 $14) 12. Nc2 Bg5 (12... Rb8 13.
Be2 a5 14. Qd3 Bg5 15. Rd1 Be6 16. Nce3 Bxe3 17. Nxe3 Bxa2 18. Qxd6 {Lanka,Z 
(2490)-Nokso Koivisto,A (2330) Cappelle op 08th 1992 (2) 1-0}) 13. Be2 (13. a4 {La grande ligne} bxa4 14. Rxa4 a5 15. Bc4 Rb8 16. b3
Kh8 (16... Be6 17. Qa1 g6 18. O-O Qd7 {Karpov,A (2660)-Sveshnikov,E URS-ch41
Moscow 1973 (3) 1/2} (18... f5 $2 19. Ndb4) (18... Kh8 19. Rd1)) 17. Nce3 g6
18. h4) 13... Be6 {73 Le français est sorti de sa préparation} (13... Ne7) (
13... Rb8) (13... Kh8 14. O-O f5 (14... g6 15. Nce3 Be6) 15. Bf3 Rb8) 14. O-O Ne7 15. a4 Bxd5 16. exd5 bxa4 17. Rxa4 a5 18. Qd3 $5 {
[%csl Ra5][%cal Gf1a1] 70} (18. Na3 f5 19. Nc4 e4 20. Qa1 Nxd5 21. Rd1 Nf4 22.
Bf1 d5 23. Rxa5 Rxa5 24. Qxa5 Qb8 25. Rxd5 Nxd5 26. Qxd5+ Kh8 27. Nd6 Qa7 28.
g3 e3 29. Kg2 f4 30. f3 Qe7 31. Ne4 Bh6 32. g4 g6 {Serper,G (2435)-Chekhov,V 
(2480)/Frunze 1988/TD/1/2-1/2 (44)}) 18... Qb6 19. Rb1 (19. h4
Bh6 20. Rb1) 19... Qb7 (19... f5 20. Na3 e4 $132 )
20. Na3 (20. Bf3 f5 $132 ) 20... Qxd5 21. Qxd5 Nxd5 22. Nc4 $44 Rab8 23. Raa1 a4 $5 (23... Bd8 24. Nxd6) 24. Bf3 Nb6 25. Nxb6 (25. Nxd6 $143 Rfd8 ) 25... Rxb6 26. Rxa4 Rc8 (26... Bd2 $142 {[%cal Gd2c3,
Gf8b8] Plus souple que Rc8} 27. Rc4 Rb3 28. Bd1 (28. Kf1 Rfb8 $132)) 27. Bd5 Bd2 {[%emt 0:00:18] Trop tard!} 28.
c4 Rcb8 29. Ra7 (29. b3 $5 g5) 29... g6 (29... Rf8 {Peut-être un moindre mal mais Romain
commençait а être mal au temps}) 30. Rxf7 Kh8 31. h4 Rxb2 32. Rxb2 Rxb2 33. g4 Rb8 34. g5 Rd8 35. Kg2 h6
$2 (35... Rc8) 36. h5 $1 Rg8 37. Rd7 Rg7 38. Bf7 1-0

[Event "Sautron op 18th"]
[Site "Sautron "]
[Date "2018.10.26"]
[Round "7.3"]
[White "Duboue, Peio"]
[Black "Nikolov, Momchil"]
[Result "0-1"]
[ECO "B33"]
[WhiteElo "2399"]
[BlackElo "2555"]
[Annotator "Primel,D"]
[PlyCount "54"]
[EventDate "2018.10.20"]
[EventType "swiss"]
[EventRounds "9"]
[EventCountry "FRA"]
[SourceTitle "EXT 2021"]
[Source "ChessBase"]
[SourceDate "2020.10.23"]
[SourceVersion "1"]
[SourceVersionDate "2020.10.23"]
[SourceQuality "1"]
[TimeControl "40/5400+30:1800+30"]
[WhiteClock "0:16:33"]
[BlackClock "0:24:16"]

1. e4 c5 2. Nf3 Nc6 3. Nc3 Nf6 4. d4 cxd4 5. Nxd4 Qb6 $5 {[%emt 0:01:25] La
variante Grivas} 6. Nb3 e6 7. Be3 (7. Bd3 a6 8. O-O) (7. Qe2 Bb4 8. Bd2 O-O 9. a3 Be7 10. e5 Nd5 11.
O-O-O $13) 7... Qc7 8. a3 (8. Bd3 $142 a6 9.
f4 d6 10. Qf3 Be7 11. O-O (11. g4) 11... O-O 12. Rae1 $32) 8... a6 9. f4 d6 10. Qf3 {[%emt 0:02:13]
Peut-être pas le plus précis} (10. g4 $5 b5 11. g5 Nd7 12. h4 Bb7 13. h5 Nb6 14. Qf3 b4 (14... Nc4 $6 15. Bxc4 bxc4 16. Nd2 $16) 15. Qf2 bxc3
16. Bxb6 Qc8 17. bxc3 Be7 18. O-O-O O-O 19. g6 fxg6 20. hxg6 h6 21. Bh3 Rb8 22.
a4 a5 23. Rhe1 Ba6 24. e5 Nxe5 25. Bxa5 Kh8 26. Qg3 Bc4 27. fxe5 Bg5+ 28. Kb2
Bf4 29. Qg1 Bxe5 30. Rxe5 dxe5 31. Bb4 Rf3 32. Bg2 Rg3 33. Qh2 Re3 34. Qg1 Rg3
35. Qf2 Rxg6 36. Be4 Rg4 37. Nc5 Qe8 38. Qe3 Rf4 39. Nd7 Qh5 {Bogner,S (2599)
-Naiditsch,A (2702) Douglas 2017 1-0}) (10. Bd3 Be7 11. O-O {Transposant dans
une Sheveningen} b5 12. Qf3 Bb7 13. Rae1 O-O 14. Qh3 b4
$132 {Peters,J (2500)-Fedorowicz,J (2475) USA-ch Berkeley 1984 (1) 1/2}) 10...
Be7 11. O-O-O b5 {[%emt 0:10:40] Comme
souvent dans une sicilienne ouverte, le K Noir est moins en danger au centre
qu'à l'aile-roi} (11... O-O $143 12. g4 b5 13. g5 Nd7 14. h4 b4 15. axb4 Nxb4
16. h5 Bb7 $132 {Berdayes Ason,D (2346)-Villegas,F (2138) Pan American-ch U18
2015 (7) 0-1}) 12. g4 b4 {[%emt 0:06:12] Une nouveauté dans
cet ordre mais en fait, c'est une simple transposition} (12... Bb7 13. g5 Nd7
14. f5 Nce5 15. Qh3 exf5 16. Qxf5 g6 17. Qf4 O-O) 13. axb4 Nxb4 {[%emt 0:00:20][%csl Gb4] Le Nb4 est bien placé pour soutenir la
poussée libératrice d5 tout en faisant pression sur "c2"} 14. g5 Nd7 15. h4 Bb7 16. h5 Rc8 (16... O-O $6 17. g6 $1 fxg6 18. hxg6 h6
19. Qh3 $40 ) 17. Rd2 $6 $146 {
[%emt 0:06:09] Un coup passif} (17. Bd3 d5 18. Kb1 Nxd3 19. cxd3 dxe4 20. dxe4
O-O 21. g6 Nf6 22. Rc1 Qb8 23. Bd4 Rxc3 24. Qxc3 Bxe4+ 25. Ka1 Qb5 26. Nc5 Bxh1
27. Rxh1 Rc8 28. Rc1 Ne4 29. gxh7+ Kh8 30. Bxg7+ Kxh7 31. Qc2 Rxc5 32. Qxe4+ f5
33. Rxc5 fxe4 34. Rxb5 axb5 35. Bd4 Kh6 36. Kb1 Kxh5 37. Kc2 Kg4 38. Kd1 Kf3
39. Bc3 Bh4 {0-1 (39) Wang,T (2385)-Zhao,J (2616) China 2017}) (17. Qf2 $142 $1
d5 18. f5 dxe4 19. Kb1 Nd5 20. Nxd5 Bxd5 21. c4 $1 Bc6 (21... Bxc4 22. Rc1) 22.
fxe6 $36 ) 17... d5 $1 $36 {[%emt 0:06:30][%csl Rc2][%cal
Gb7f3,Gb7h1] La poussée libératrice et les Blancs doivent lutter pour garder
l'égalité.} 18. g6 (18. exd5 $2 Nxd5 19. Nxd5 Bxd5 ) 18... dxe4 19. gxf7+ Kxf7 20. Qg3 Bf6 $1 $40 {[%emt 0:03:41][%csl Gf6][%cal Gf6c3,
Gf6g7] Un fort coup multifonction et la partie a définitivement basculé en
faveur du GMI} 21. Bh3 Rhd8 22. Nd4 Nf8 $1 23. Rhd1 Qa5 24. Nb3 $2 Na2+ $1 25. Nxa2 Qxa2 26. Bd4 Rxd4 $1 27.
Rxd4 Bd5 0-1

[Event "Plancoet op-A 10th"]
[Site "Plancoet"]
[Date "2013.07.30"]
[Round "4"]
[White "Lintchevski, Daniil"]
[Black "Bailet, Pierre"]
[Result "1-0"]
[ECO "B33"]
[WhiteElo "2529"]
[BlackElo "2476"]
[Annotator "RR"]
[PlyCount "73"]
[EventDate "2013.07.28"]
[EventType "swiss"]
[EventRounds "9"]
[EventCountry "FRA"]
[SourceTitle "EXT 2017"]
[Source "ChessBase"]
[SourceDate "2016.10.25"]
[SourceVersion "1"]
[SourceVersionDate "2016.10.25"]
[SourceQuality "1"]
[TimeControl "40/5400+30:1800+30"]

1. e4 c5 2. Nf3 Nc6 3. d4 cxd4 4. Nxd4 Nf6 5. Nc3 e5 6. Ndb5 d6 7. Bg5 a6 8.
Na3 b5 9. Nd5 Be7 10. Bxf6 Bxf6 11. c4 b4 12. Nc2 a5 13. g3 O-O 14. h4 Ne7 (
14... Be6 15. Bg2 Bxd5 16. cxd5 Nb8 17. O-O Na6 18. Ne3 Nc5 19. Rc1 Qb6 20. Re1
g6 21. Nc4 Qd8 22. Qd2 Bg7 23. h5 gxh5 24. Qe3 h4 25. Nxe5 dxe5 26. Qxc5 Qf6
27. Re3 h3 28. Rf3 Qg6 29. Bxh3 {Sanchez,J (2531)-Bailet,P (2425) Belfort 2012
1/2-1/2 (83)}) 15. Nxf6+ gxf6 16. Qd2 Kh8 17. Rd1 Bg4 $6 {Les Blancs ont
déjà un avantage "statique" et il me parait plus intéressant de jouer de
manière "dynamique" pour les Noirs} (17... Bb7 18. Bg2 f5 $5 {Un sacrifice
qui donne des bonnes compensations aux Noirs} (18... Ra6 19. Ne3 $16 ) 19. Qxd6 Qxd6 20. Rxd6 Rfd8 21. Rb6 Bxe4 22. Bxe4 fxe4 23. Ne3 Rab8
$44) 18. Be2 Bxe2 {Echange le mauvais B des blancs mais il s'agissait aussi de
la seconde ronde de la journée et la fatigue commençait à se faire sentir.}
19. Qxe2 $14 Rc8 (19... f5 20. c5 ) 20. Ne3 Qd7 21. Qf3 $1 {[%csl Gd5,Gf5] Pierre n'a toujours pas
égalisé} Qe6 22. b3 Rg8 23. O-O Rcd8 24. Kh2 Nc6 $6 25. Nf5 $1
Ne7 26. Nxe7 Qxe7 27. Rd5 Ra8 28. Rfd1 Rgd8 29. Qd3 a4 30. c5
axb3 31. axb3 Ra2 32. Rd2 Rxd2 33. Qxd2 $18 Qa7 34. Rxd6 Rc8 35. Qh6 Qxc5 36.
Qxf6+ Kg8 37. Rd7 {Une partie à dégouter de jouer la B33!} 1-0

[Event "Belgrade RAD 30"]
[Site "Belgrade"]
[Date "1977.01.17"]
[Round "3.1"]
[White "Radulov, Ivan"]
[Black "Portisch, Ferenc"]
[Result "1-0"]
[ECO "B33"]
[WhiteElo "2500"]
[BlackElo "2475"]
[Annotator "Radulov,I"]
[PlyCount "93"]
[EventDate "1977.01.15"]
[EventType "tourn"]
[EventRounds "13"]
[EventCountry "SRB"]
[EventCategory "9"]
[SourceTitle "EXT 2018"]
[Source "ChessBase"]
[SourceDate "2017.10.13"]
[SourceVersion "1"]
[SourceVersionDate "2017.10.13"]
[SourceQuality "1"]
[TimeControl "40/9000:16/5400:0"]

1. e4 c5 2. Nf3 Nc6 3. d4 cxd4 4. Nxd4 Nf6 5. Nc3 e5 6. Ndb5 d6 7. a4 a6 8. Na3
Be6 9. Bc4 Rc8 10. O-O Bxc4 $146 (10... Be7 11. Bg5 O-O 12. Bxf6 Bxf6 13. Nd5
Bg5 14. c3 Kh8 15. Qe2 Ne7 16. Nxe7 Qxe7 17. Rad1 Rfd8 18. Bxe6 fxe6 19. c4 Rd7
20. Rd3 Rcd8 21. Rfd1 Qf7 22. Nb1 Be7 23. Nc3 Rc7 24. b3 Rcc8 25. Qg4 Rf8 26.
Rf3 Qg8 27. Rdd3 Rxf3 28. Rxf3 Bf6 29. h4 Rf8 30. g3 Qf7 31. h5 Qe7 32. Kg2 Kg8
33. Nd1 Bg5 34. Rxf8+ Kxf8 35. Nb2 Bf6 36. Nd3 Kf7 37. Qf3 Qc7 38. Qe3 b6 39.
Nb4 Qb7 40. Qf3 {Hennings,A-Pavlov,M Bucharest 1971 1-0}) 11. Nxc4 Nd4 12. Qd3
Nxc2 13. Qxc2 Rxc4 14. Bg5 Be7 15. Qb3 Qc8 16. Rac1 Rc6 17. Rcd1 O-O 18. Rd3 h6
19. Bxf6 Bxf6 20. Rfd1 Rd8 21. Rf3 Re8 22. h3 Re6 23. Nd5 Bd8 24. Qb4 Rg6 25.
Kh2 Rc2 26. Rd2 Rxd2 27. Qxd2 Qc4 28. Qb4 Qxb4 29. Nxb4 d5 30. Nxd5 Rc6 31. Rb3
b6 32. Rd3 Bf6 (32... Rc4 $142 33. Nc3 Rd4 {Inf 23/369}) 33. b3 a5 34. Kg3 Kf8
35. Ne3 Be7 36. Nc4 Rg6+ 37. Kh2 Re6 38. Rd5 Bc5 39. f3 g5 40. Nxa5 Bd4 41. Nc4
h5 42. Rd6 Ke7 43. Rxe6+ Kxe6 44. b4 f5 45. b5 h4 46. g3 Bf2 47. g4 1-0

[Event "Belgrade RAD 30"]
[Site "Belgrade"]
[Date "1977.01.20"]
[Round "5.3"]
[White "Matulovic, Milan"]
[Black "Rajkovic, Dusan"]
[Result "1/2-1/2"]
[ECO "B33"]
[WhiteElo "2510"]
[BlackElo "2495"]
[Annotator "Rajkovic,D"]
[PlyCount "87"]
[EventDate "1977.01.15"]
[EventType "tourn"]
[EventRounds "13"]
[EventCountry "SRB"]
[EventCategory "9"]
[SourceTitle "EXT 2010"]
[Source "ChessBase"]
[SourceDate "2010.11.25"]
[SourceVersion "1"]
[SourceVersionDate "2010.11.25"]
[SourceQuality "1"]
[TimeControl "40/9000:16/5400:0"]

1. e4 c5 2. Nf3 e6 3. d4 cxd4 4. Nxd4 Nf6 5. Nc3 Nc6 6. Ndb5 d6 7. Bf4 e5 8.
Bg5 a6 9. Na3 b5 10. Bxf6 gxf6 11. Nd5 f5 12. exf5 Bxf5 13. Bd3 e4 14. Qe2 Nd4
15. Qe3 Bg7 16. f3 Qh4+ (16... O-O 17. fxe4 Be6 18. O-O Nc6 19. c3 Ne5 20. Nc2
Kh8 21. Nd4 Ng4 22. Qh3 Bxd4+ 23. cxd4 Rg8 24. Qf3 Bxd5 25. exd5 Qg5 26. Rae1
Qg7 27. Qe4 Rae8 28. Qxe8 Qxd4+ 29. Kh1 Rxe8 30. Rxe8+ Kg7 31. Be2 Nf2+ 32.
Rxf2 Qxf2 33. h3 Qd4 {0-1 (32) Honfi,K (2460)-Tatai,S (2465) Budapest 1976})
17. g3 Nxf3+ 18. Qxf3 exf3 19. gxh4 Bxd3 20. cxd3 Bxb2 21. Rd1 $146 (21. Rb1
Bxa3 22. Nc7+ Kd7 23. Nxa8 Bc5 24. Kd2 Rxa8 25. Kc3 Be3 26. d4 f5 27. Kd3 Re8
28. Rhe1 f4 29. Rf1 f2 30. a4 Kc6 31. axb5+ axb5 32. Ra1 Kb6 33. Ra2 d5 34.
Rfa1 f1=Q+ 35. Rxf1 Re4 36. Ra8 Rxd4+ 37. Kc3 Rc4+ 38. Kb3 d4 39. Rfa1 d3 40.
Rb8+ Kc5 41. Ra7 d2 42. Rc7+ Kd6 {0-1 (41) Bischoff,K-Bauer,E Germany 1976})
21... Bxa3 22. Nc7+ Kd7 23. Nxa8 Rxa8 24. O-O (24. Kf2 Rc8 25. Rd2 Bc1 $15 {
Inf 23/381}) 24... Rg8+ 25. Kh1 Rg2 26. Ra1 Bb2 27. Rxf3 Rd2 28. Raf1 Bd4 29.
Rf4 Rxd3 30. Rxf7+ Ke6 31. R7f3 Rd2 32. Ra3 Be5 33. Rxa6 Rxh2+ 34. Kg1 Rxh4 35.
Rb1 b4 36. a3 Rg4+ 37. Kh1 bxa3 38. Rxa3 h5 39. Rg1 Rh4+ 40. Kg2 Rh2+ 41. Kf1
Bd4 42. Rg6+ Kd5 43. Rd3 Rf2+ 44. Ke1 1/2-1/2